 Dungeon Crawl Stone Soup version 0.20.1-1-g8b1a95d (webtiles) character file.

14259 Gargoyl the Blocker (level 12, -2/92 HPs)
             Began as a Formicid Abyssal Knight on Oct 26, 2017.
             Was a High Priest of Lugonu.
             Engulfed by an ice statue's freezing vapour (26 damage)
             ... in an ice cave.
             The game lasted 00:29:11 (15378 turns).

Gargoyl the Blocker (Formicid Abyssal Knight)      Turns: 15378, Time: 00:29:11

Health: -2/92      AC: 17    Str: 23    XL:     12   Next: 43%
Magic:  18/18      EV:  7    Int: 12    God:    Lugonu [*****.]
Gold:   424        SH: 19    Dex: 12    Spells: 11/11 levels left

rFire    . . .     SeeInvis +   y - +2 halberd (venom)
rCold    . . .     Gourm    .   j - +1 large shield
rNeg     . . .     Faith    .   i - +0 plate armour
rPois    .         Spirit   .   (helmet unavailable)
rElec    +         Reflect  .   h - +0 cloak
rCorr    +         Harm     .   e - +0 pair of gloves
MR       +....     Clarity  +   (no boots)
Stlth    ..........             k - amulet of magic regeneration
Regen    0.3/turn               d - +3 ring of strength
MPRegen  0.3/turn               r - ring of resist corrosion

@: no status effects
A: permanent stasis, dig shafts and tunnels, four strong arms, antennae 3,
clarity, screaming 1, electricity resistance, wild magic 1
a: Dig, Shaft Self, Depart the Abyss, Bend Space, Banish, Corrupt, Enter the
Abyss, Renounce Religion


You were in an ice cave.
You worshipped Lugonu.
Lugonu was extremely pleased with you.
You were not hungry.

You visited 2 branches of the dungeon, and saw 12 of its levels.
You visited the Abyss 1 time.
You also visited: Ossuary and Ice Cave.

You collected 424 gold pieces.

Inventory:

Hand Weapons
 a - a +2 falchion of flaming
 y - a +2 halberd of venom (weapon)
Missiles
 w - 20 tomahawks (quivered)
Armour
 e - a +0 pair of gloves (worn)
 h - a +0 cloak (worn)
 i - a +0 plate armour (worn)
 j - a +1 large shield (worn)
Jewellery
 d - a +3 ring of strength (left hand)
 k - an amulet of magic regeneration (around neck)
 r - a ring of resist corrosion (right hand)
Wands
 p - a wand of confusion (21/48)
 t - a wand of acid (10/15)
Scrolls
 f - 3 scrolls of fog
 n - 4 scrolls of remove curse
 q - a scroll of amnesia
 v - a scroll of magic mapping
 x - 3 scrolls of identify
 C - a scroll of recharging
Potions
 m - 4 potions of brilliance
 s - 2 potions of curing
 A - a potion of agility
 B - a potion of might
Books
 b - a book of Minor Magic

   Spells                             Type                      Level
   a - Magic Dart                     Conjuration                  1
   b - Blink                          Translocation                2
   c - Call Imp                       Summoning                    2
   d - Slow                           Hexes                        2
   e - Conjure Flame                  Conjuration/Fire             3
   f - Mephitic Cloud                 Conjuration/Poison/Air       3
Comestibles
 c - 7 bread rations
 g - 3 fruits
 l - 3 royal jellies
 o - 3 meat rations
 u - a chunk of flesh


   Skills:
 + Level 8.1 Fighting
 + Level 8.6 Long Blades
 + Level 7.7 Polearms
 + Level 0.8 Throwing
 * Level 9.6 Armour
 + Level 3.6 Dodging
 - Level 0.6 Stealth
 + Level 10.0 Shields
 * Level 8.0 Invocations


You had 11 spell levels left.
You didn't know any spells.

Dungeon Overview and Level Annotations

Branches:
Dungeon (9/15)             Temple (0/1) D:6            Lair (3/6) D:8
 Shoals (0/4) Lair:3
  Snake: Lair:2-4    Spider: Lair:2-4       Orc: D:9-12

Altars:
Ashenzari
Elyvilon
Hepliaklqana
Kikubaaqudgha
Nemelex Xobeh
Okawaru
Qazlal
Vehumet
Xom
Yredelemnul
Zin
The Shining One

Annotations:
IceCv exclusion: 2 ice statues


Innate Abilities, Weirdness & Mutations

You cannot be hasted, slowed, berserked, paralysed or teleported.
You can dig through walls and to a lower floor.
Your four strong arms can wield two-handed weapons with a shield.
You have a pair of large antennae on your head. (SInv)
You possess an exceptional clarity of mind.
You occasionally shout uncontrollably at your foes.
You are resistant to electric shocks. (rElec)
Your spells are a little harder to cast, but a little more powerful.


Message History

The freezing blast engulfs the ice beast.
The ice beast completely resists.
The ice statue gestures.
You are engulfed in freezing vapours.
You block the ice beast's attack.
The ice statue gestures.
The ice statue gestures at you. You block the shard of ice.
You hit the ice statue but do no damage.
You are engulfed in freezing vapours.
The ice beast barely misses you.
You hit the ice statue but do no damage.
You are engulfed in freezing vapours.
You block the ice beast's attack.
The ice statue gestures.
You hit the ice statue.
The ice statue is lightly damaged.
You are engulfed in freezing vapours.
* * * LOW HITPOINT WARNING * * *
The ice beast hits you but does no damage. x2
You hit the ice statue.
The ice statue is lightly damaged.
You are engulfed in freezing vapours.
You die...

##..## #..##
####..##
##.#....#.##
##..........#
##............#
##.....#........#
#..Y§Y§.###......
#...@YY.# ####..
##..§8§...# ##
###..Y....#
###.......
###...8# ..###
.##


You could see 2 ice statues and 5 ice beasts.

Vanquished Creatures
  Erica (D:8)
  Pikel (D:4)
  A cyclops (D:8)
  Maurice (D:8)
  2 black mambas
  4 spiny frogs (Lair:1)
  A komodo dragon (Lair:3)
  A rime drake (Lair:2)
  9 polar bears
  Grinder (D:4)
  The ghost of Gargoyl the Skirmisher, an amateur FoAK of Lugonu (D:3)
  2 hippogriffs
  2 yaks (IceCv)
  Grum (D:8)
  A basilisk (Lair:2)
  Menkaure (D:7)
  4 water moccasins
  3 porcupines
  4 ice beasts
  3 orc warriors
  A sky beast (D:8)
  A phantom (D:5)
  A black bear (Lair:1)
  3 ogres
  3 centaurs
  11 wolves
  6 crocodiles
  3 elf zombies (Ossuary)
  5 bullfrogs
  2 wyvern zombies (D:6)
  A water moccasin zombie (D:6)
  A scorpion (D:4)
  6 killer bees
  5 wights (D:8)
  2 howler monkeys
  A jelly (D:6)
  3 bullfrog zombies
  4 centaur zombies (Ossuary)
  A hound (D:7)
  Crazy Yiuf (D:7)
  4 orc priests
  5 human zombies (Ossuary)
  4 orc wizards
  A centaur skeleton (D:4)
  Ijyb (D:3)
  4 iguanas
  5 worker ants
  A hound zombie (D:6)
  2 hound skeletons (D:4)
  3 mummies (Ossuary)
  A howler monkey zombie (D:8)
  A worker ant zombie (D:3)
  8 adders
  11 gnolls
  A howler monkey skeleton (D:4)
  2 shadow imps
  An ooze (D:2)
  4 adder skeletons
  3 dart slugs
  3 worms
  7 leopard geckos
  20 orcs
  2 giant cockroaches
  14 goblins
  9 hobgoblins
  17 jackals
  10 kobolds
  2 quokkas
  2 ball pythons
  10 bats
  6 frilled lizards
  A leopard gecko skeleton (D:5)
  A quokka skeleton (D:8)
  6 rats
277 creatures vanquished.

Vanquished Creatures (others)
  A hydra (Lair:1)
  A two-headed ogre (D:6)
  The ghost of Jotun the Skirmisher, a novice OgSk (D:6)
  2 bullfrogs (D:6)
  A worker ant (D:6)
  A hound skeleton (D:4)
  A giant cockroach (D:6)
  2 jackals (D:4)
10 creatures vanquished.

Grand Total: 287 creatures vanquished

Notes
Turn   | Place    | Note
-------+----------+-------------------------------------------
     0 | Abyss:1  | Gargoyl the Formicid Abyssal Knight began the quest for the Orb.
     0 | Abyss:1  | Reached XP level 1. HP: 18/18 MP: 2/2
    51 | Abyss:1  | Noticed a thrashing horror
    52 | D:1      | Escaped the Abyss
   199 | D:1      | Reached XP level 2. HP: 21/24 MP: 3/3
   303 | D:1      | Reached * piety under Lugonu
   543 | D:1      | Reached skill level 1 in Dodging
   603 | D:1      | Reached XP level 3. HP: 29/29 MP: 4/4
   878 | D:2      | Found a glowing golden altar of the Shining One.
  1266 | D:2      | Reached XP level 4. HP: 35/37 MP: 5/5
  1288 | D:2      | Found a white marble altar of Elyvilon.
  1289 | D:2      | Found a glowing silver altar of Zin.
  1307 | D:2      | Gained mutation: You are partially covered in thin metallic scales. (AC +2) [potion of mutation]
  1307 | D:2      | Gained mutation: You occasionally shout uncontrollably at your foes. [potion of mutation]
  1307 | D:2      | Gained mutation: You are agile. (Dex +2) [potion of mutation]
  1307 | D:2      | Gained mutation: Your spells are a little harder to cast, but a little more powerful. [potion of mutation]
  1519 | D:2      | Found a radiant altar of Vehumet.
  1654 | D:2      | Reached ** piety under Lugonu
  1683 | D:2      | Found a shattered altar of Ashenzari.
  1904 | D:2      | Found an iron altar of Okawaru.
  1918 | D:2      | Reached XP level 5. HP: 40/42 MP: 6/6
  2117 | D:3      | Noticed Gargoyl's ghost (amateur FoAK)
  3034 | D:3      | Noticed Ijyb
  3074 | D:3      | Killed Ijyb
  3074 | D:3      | Reached XP level 6. HP: 36/48 MP: 7/7
  3098 | D:3      | Noticed an ice beast
  3113 | D:3      | Killed an ice beast
  3113 | D:3      | Reached skill level 1 in Shields
  3537 | D:3      | Lost mutation: You are partially covered in thin metallic scales. (AC +2) [potion of mutation]
  3537 | D:3      | Lost mutation: You are agile. (Dex +2) [potion of mutation]
  3537 | D:3      | Gained mutation: You possess an exceptional clarity of mind. [potion of mutation]
  3537 | D:3      | Gained mutation: You are resistant to electric shocks. (rElec) [potion of mutation]
  3747 | D:3      | Reached XP level 7. HP: 43/54 MP: 8/8
  3770 | D:3      | Reached *** piety under Lugonu
  3770 | D:3      | Reached skill level 5 in Long Blades
  4151 | D:3      | Killed Gargoyl's ghost
  4151 | D:3      | Reached skill level 2 in Shields
  4376 | D:4      | Found a stormy altar of Qazlal.
  4385 | D:4      | Reached skill level 3 in Shields
  4403 | D:4      | Reached XP level 8. HP: 49/61 MP: 9/9
  4523 | D:4      | Noticed Pikel
  4572 | D:4      | Killed Pikel
  4572 | D:4      | Reached skill level 5 in Fighting
  4572 | D:4      | Reached skill level 4 in Shields
  4728 | D:4      | Noticed Grinder
  4761 | D:4      | HP: 3/62 [Grinder (5)]
  4775 | D:4      | Killed Grinder
  4775 | D:4      | Reached skill level 5 in Armour
  4775 | D:4      | Reached XP level 9. HP: 18/68 MP: 10/10
  5096 | D:4      | Got a fine hand axe
  5097 | D:4      | Identified the +1 hand axe "Mogim" {chop, rElec rF+ MR+} (You found it on level 4 of the Dungeon)
  5368 | D:4      | Found an iron altar of Okawaru.
  5388 | D:4      | Reached skill level 5 in Shields
  5460 | D:5      | Entered Level 5 of the Dungeon
  6734 | D:6      | Killed a two-headed ogre
  7350 | D:6      | Found a staircase to the Ecumenical Temple.
  7402 | D:6      | Noticed Jotun's ghost (novice OgSk)
  7405 | D:6      | Reached **** piety under Lugonu
  7525 | D:5      | Reached skill level 6 in Shields
  7570 | D:6      | Banished Jotun's ghost
  7741 | D:6      | Reached XP level 10. HP: 58/76 MP: 12/12
  7862 | D:6      | Found a sparkling altar of Nemelex Xobeh.
  7866 | D:6      | Found an ancient bone altar of Kikubaaqudgha.
  7884 | D:6      | Found a hazy altar of Hepliaklqana.
  7956 | D:6      | Found a shimmering altar of Xom.
  8259 | D:7      | Found a basalt altar of Yredelemnul.
  8377 | D:7      | Reached skill level 7 in Shields
  8379 | D:7      | Noticed Menkaure
  8381 | D:7      | Reached skill level 1 in Polearms
  8870 | D:7      | Killed Menkaure
  9481 | D:7      | Found a runed door.
  9598 | D:7      | Noticed Crazy Yiuf
  9605 | D:7      | Killed Crazy Yiuf
  9901 | D:8      | Found a sand-covered staircase.
  9913 | Ossuary  | Entered an ossuary
 10166 | D:8      | Noticed Erica
 10178 | D:8      | Killed Erica
 10178 | D:8      | Reached skill level 5 in Invocations
 10381 | D:8      | Found a shimmering altar of Xom.
 10401 | D:8      | Reached XP level 11. HP: 71/84 MP: 14/14
 10437 | D:8      | Noticed Maurice
 10455 | D:9      | HP: 4/84 [poisoned by a killer bee]
 10463 | D:9      | HP: 3/84 [poisoned by a killer bee]
 10471 | D:9      | HP: 3/84 [poisoned by a killer bee]
 10902 | D:8      | Killed Maurice
 10902 | D:8      | Reached skill level 8 in Shields
 11214 | D:8      | Noticed Grum
 11243 | D:8      | Killed Grum
 11531 | D:8      | Noticed a cyclops
 11550 | D:8      | Killed a cyclops
 11550 | D:8      | Reached skill level 5 in Polearms
 11783 | D:8      | Found a staircase to the Lair.
 12253 | Lair:1   | Entered Level 1 of the Lair of Beasts
 12255 | Lair:1   | Reached ***** piety under Lugonu
 12327 | Lair:1   | Noticed an eight-headed hydra
 12331 | Lair:1   | Banished a nine-headed hydra
 12783 | Lair:1   | Reached skill level 9 in Shields
 12792 | Lair:1   | HP: 3/84 [polar bear (14)]
 13969 | Lair:2   | Reached XP level 12. HP: 80/92 MP: 17/17
 14166 | Lair:2   | Got a fine war axe
 14190 | Lair:2   | Identified the +1 war axe "Ystri" {freeze, +Inv rF+ Dex-3} (You found it on level 2 of the Lair of Beasts)
 14617 | Lair:3   | Found a frozen archway.
 14715 | IceCv    | Entered an ice cave
 14752 | IceCv    | HP: 4/92 [yak (9)]
 15280 | IceCv    | Reached skill level 10 in Shields
 15378 | IceCv    | Engulfed by an ice statue's freezing vapour

Skill      XL: |  1  2  3  4  5  6  7  8  9 10 11 12 |
---------------+-------------------------------------+-----
Dodging        | 1 2 3 |  3.6
Long Blades    | 3 4 5 7 8 |  8.6
Fighting       | 4 5 6 7 8 |  8.1
Armour         | 3 4 5 6 7 9 |  9.6
Shields        | 1 3 4 6 7 9 10 | 10.0
Invocations    | 3 5 7 8 |  8.0
Polearms       | 4 6 7 |  7.7
Throwing       | |  0.8
Stealth        | |  0.6

Action                   |  1- 3 |  4- 6 |  7- 9 | 10-12 || total
-------------------------+-------+-------+-------+-------++-------
Melee: Falchion          |    66 |   177 |   449 |    17 ||   709
       Unarmed           |       |    26 |       |       ||    26
       Halberd           |       |       |       |   666 ||   666
Throw: Tomahawk          |       |       |       |     6 ||     6
Invok: Depart the Abyss  |     1 |       |       |       ||     1
       Bend Space        |       |       |     1 |     2 ||     3
       Banish            |       |       |     1 |     1 ||     2
 Abil: Dig               |       |     1 |       |     6 ||     7
  Use: Scroll            |     5 |     2 |     5 |     9 ||    21
       Potion            |       |     5 |     7 |     8 ||    20
 Stab: Confused          |       |       |       |     1 ||     1
  Eat: Chunk             |     1 |     8 |    13 |    15 ||    37
       Bread ration      |       |       |       |     3 ||     3
Armor: Leather armour    |    25 |    46 |       |       ||    71
       Ring mail         |       |    23 |    59 |       ||    82
       Plate armour      |       |       |    88 |   346 ||   434
Dodge: Dodged            |    61 |    95 |    60 |   117 ||   333
Block: Shield            |       |    34 |       |       ||    34
       Large shield      |       |    30 |   305 |   777 ||  1112
       Rpst.: Falchion   |    20 |    22 |    18 |       ||    60
